 Dungeon Crawl Stone Soup version 0.30.1-1-g62c8e00024 (webtiles) character file.

Game seed: 6340410911589636276

466 boopmooplesden the Twirler (level 6, -6/46 (47) HPs)
             Began as a Demonspawn Gladiator on July 16, 2023.
             Mangled by Crazy Yiuf
             ... wielding a +3 quarterstaff of chaos
              (12 damage)
             ... on level 3 of the Dungeon.
             The game lasted 00:05:05 (2540 turns).

boopmooplesden the Twirler (Demonspawn Gladiator)   Turns: 2540, Time: 00:05:06

HP:   -6/46 (47)    AC: 13    Str: 17    XL:     6   Next: 81%
MP:   6/6           EV: 11    Int: 12    God:
Gold: 1446          SH:  0    Dex: 14    Spells: 5/5 levels left

rFire   + . .        a - +0 quarterstaff
rCold   . . .        (shield currently unavailable)
rNeg    . . .        p - +2 scale mail {rF+}
rPois   .            c - +0 helmet
rElec   .            (no cloak)
rCorr   .            g - +0 pair of gloves "Umekkei" {Harm Int+3 Stlth+}
SInv    .            q - +0 pair of boots {Stlth+}
Will    .....        (no amulet)
Stlth   ++           (no ring)
HPRegen 0.27/turn    (no ring)
MPRegen 0.20/turn

%: harm (+30% outgoing, +20% incoming)
@: lethally poisoned (-6 -> -10), lightly drained
A: hooves 1, icy blue scales 1, magic regeneration
a: no special abilities


You were on level 3 of the Dungeon.
You visited 1 branch of the dungeon, and saw 3 of its levels.
You also visited: Sewer.

You collected 2135 gold pieces.
You spent 689 gold pieces at shops.

Inventory:

Hand Weapons
 a - a +0 quarterstaff (weapon)
Missiles
 e - a javelin
 u - 8 boomerangs (quivered)
 v - 2 throwing nets
Armour
 c - a +0 helmet (worn)
 g - the +0 pair of gloves "Umekkei" (worn) {Harm Int+3 Stlth+}
   (You bought it in a shop on level 2 of the Dungeon)

   Int:       It affects your intelligence (+3).
   Harm:      It increases damage dealt and taken.
   Stlth:     It makes you more stealthy.
 p - a +2 scale mail of fire resistance (worn)
 q - a +0 pair of boots of stealth (worn)
Scrolls
 i - a scroll of enchant armour {unknown}
 m - a scroll of poison {unknown}
 n - 5 scrolls of identify {unknown}
 r - a scroll of teleportation
 t - a scroll of brand weapon {unknown}
 w - a scroll of vulnerability {unknown}
Potions
 b - 2 potions of attraction {unknown}
 d - a potion of flight {unknown}
 f - 2 potions of lignification {unknown}
 h - 2 potions of curing {unknown}
 j - a potion of mutation {unknown}
 k - a potion of ambrosia {unknown}
 l - a potion of heal wounds {unknown}
 o - a potion of haste {unknown}
 s - a potion of might {unknown}


   Skills:
 + Level 3.3 Fighting
 + Level 5.3 Staves
 + Level 2.1 Throwing
 + Level 2.1 Armour
 + Level 3.6 Dodging
 + Level 0.7 Stealth


You had 5 spell levels left.
You didn't know any spells.
Your spell library contained the following spells:

 Spells                   Type           Power      Damage    Failure   Level
 Freeze                   Ice            0%         1d3       75%         1
 Frozen Ramparts          Ice            0%         1d1       98%         3
 Hailstorm                Conj/Ice       0%         3d3       98%         3


Dungeon Overview and Level Annotations

Branches:
Dungeon (3/15)              Sewer (visited)

Altars:
Gozag
Sif Muna

Shops:
D:2 ([

Annotations:
D:3 Crazy Yiuf


Innate Abilities, Weirdness & Mutations

You have large cloven feet.
You are partially covered in icy blue scales. (AC +2)
You regenerate magic rapidly.


Message History

You hit Crazy Yiuf.
Crazy Yiuf is moderately wounded.
Crazy Yiuf closely misses you.
You closely miss Crazy Yiuf.
Crazy Yiuf is moderately wounded.
Crazy Yiuf hits you with a +3 quarterstaff of chaos.
You feel drained.
You barely miss Crazy Yiuf.
Crazy Yiuf is moderately wounded.
Crazy Yiuf barely misses you.
You hit Crazy Yiuf.
Crazy Yiuf is heavily wounded.
Crazy Yiuf barely misses you.
You barely miss Crazy Yiuf.
Crazy Yiuf is heavily wounded.
Crazy Yiuf hits you with a +3 quarterstaff of chaos!
You are poisoned.
You closely miss Crazy Yiuf.
Crazy Yiuf is heavily wounded.
You feel very sick. Crazy Yiuf barely misses you.
You barely miss Crazy Yiuf.
Crazy Yiuf is heavily wounded.
You feel sick.
Crazy Yiuf hits you with a +3 quarterstaff of chaos!
* * * LOW HITPOINT WARNING * * *
You hit Crazy Yiuf.
Crazy Yiuf is almost dead.
You feel sick.
Crazy Yiuf laughs, "Shower green arm!"
Crazy Yiuf closely misses you.
Throw: 8 boomerangs
Press: ? - help, Q - select action, (/) - cycle Shift-Dir - straight line, f - Crazy Yiuf
Aim: Crazy Yiuf, wielding a +3 quarterstaff of chaos and wearing a +0 cloak (almost dead, 64% to hit)
You throw a boomerang.
The boomerang closely misses Crazy Yiuf.
* * * LOW HITPOINT WARNING * * *
You feel sick.
Crazy Yiuf hits you with a +3 quarterstaff of chaos!
You die...

...........#
#....#
#.####)).##
...........#
♣....♣
#.........##
..........>#
♣♣..)♣
#.##.......#
...........#
♣♣.♣♣
#.##.......#
...........#
♣♣.♣
####.......#
...........#
♣.♣♣
#..........#
....<......#
♣♣)♣
#..........#
...........#
♣.♣♣
#...........
...........#
#@#
#.....~.####
..#......).#
#g).#
#....~~~÷~~~
...........#
#...#
#....#.~≈≈≈≈
..#........#
#)..#
#....#######
...........#
#####
#.....##≈≈≈≈
...........#
#######~~...
...........##
#..≈≈≈≈
###....>....#
#..####
#.........#
#.~≈≈≈≈


You could see Crazy Yiuf.

Vanquished Creatures
  Sigmund (D:3)
  Pargi (Sewer)
  A kobold brigand (Sewer)
  An orc priest (D:3)
  Natasha (twice) (D:3)
  An adder (D:2)
  2 dart slugs
  3 orcs (D:3)
  2 ball pythons
  7 endoplasms
  8 giant cockroaches
  3 goblins
  2 hobgoblins
  2 jackals (D:1)
  4 kobolds
  7 quokkas
  6 bats
  4 frilled lizards
  4 rats
61 creatures vanquished.

Notes
Turn   | Place    | Note
-------+----------+-------------------------------------------
     0 | D:1      | boopmooplesden the Demonspawn Gladiator began the quest for
                  | the Orb.
     0 | D:1      | Reached XP level 1. HP: 16/16 MP: 1/1
   190 | D:1      | Gained mutation: You have large cloven feet. [demonic
                  | ancestry]
   190 | D:1      | Reached XP level 2. HP: 22/22 MP: 2/2
   257 | D:1      | Reached skill level 3 in Staves
   800 | D:2      | Found Buuttiwn's Antique Weapon Shoppe.
   856 | D:2      | Reached XP level 3. HP: 26/27 MP: 3/3
   891 | D:2      | Found Ekhykol's Armour Emporium.
  1265 | D:2      | Found an opulent altar of Gozag.
  1293 | D:2      | Identified 2 scrolls of acquirement
  1293 | D:2      | Acquired 1106 gold pieces
  1295 | D:2      | Acquired 859 gold pieces
  1329 | D:2      | Bought the +0 pair of gloves "Umekkei" {Harm Int+3 Stlth+}
                  | for 267 gold pieces
  1329 | D:2      | Bought a +2 scale mail of fire resistance for 273 gold
                  | pieces
  1329 | D:2      | Bought a +0 pair of boots of stealth for 149 gold pieces
  1481 | D:3      | Found a shimmering blue altar of Sif Muna.
  1545 | D:3      | Noticed Sigmund
  1631 | D:3      | Found a runed translucent door.
  1632 | D:3      | Noticed Crazy Yiuf
  1679 | D:3      | Reached skill level 1 in Armour
  1679 | D:3      | Gained mutation: You are partially covered in icy blue
                  | scales. (AC +2) [demonic ancestry]
  1679 | D:3      | Reached XP level 4. HP: 15/34 MP: 4/4
  1711 | D:3      | Found a glowing drain.
  1740 | Sewer    | Entered a sewer
  1778 | Sewer    | Noticed a kobold brigand
  1796 | Sewer    | Killed a kobold brigand
  1797 | Sewer    | Reached skill level 4 in Staves
  1797 | Sewer    | Gained mutation: You regenerate magic rapidly. [demonic
                  | ancestry]
  1797 | Sewer    | Reached XP level 5. HP: 36/40 MP: 5/5
  1868 | Sewer    | Noticed Pargi
  1887 | Sewer    | Killed Pargi
  2155 | D:3      | Killed Sigmund
  2156 | D:3      | Reached skill level 5 in Staves
  2156 | D:3      | Reached XP level 6. HP: 31/47 MP: 6/6
  2296 | D:3      | Noticed Natasha
  2300 | D:3      | Killed Natasha
  2328 | D:3      | Noticed Natasha
  2389 | D:3      | Killed Natasha
  2540 | D:3      | Mangled by Crazy Yiuf

Illustrated notes

Levels and vault maps discovered:
D:1:      minmay_arrival_semitransparent, layout_loops_ring
D:2:      layout_rooms, serial_shops, shop, shop, basic_altar
D:3:      layout_rooms, nicolae_overflow_squiral, gup_sewer_entry_pipe,
          uniq_natasha, uniq_crazy_yiuf_cottage, uniq_sigmund

Skill      XL: |  1  2  3  4  5 |
---------------+----------------+-----
Staves         | 3 4 5 |  5.3
Dodging        | 3 |  3.6
Throwing       | 2 |  2.1
Armour         | 1 2 |  2.1
Fighting       | 3 |  3.3
Stealth        | |  0.7

Action                     |  1- 3 |  4- 6 || total
---------------------------+-------+-------++-------
  Melee: Quarterstaff      |    94 |   100 ||   194
         Kick              |    12 |       ||    12
  Throw: Throwing net      |       |     3 ||     3
         Javelin           |       |     1 ||     1
         Boomerang         |       |     1 ||     1
    Use: Scroll            |     3 |       ||     3
   Stab: Sleeping          |     1 |     4 ||     5
 Armour: Leather armour    |     9 |       ||     9
         Plate armour      |    34 |       ||    34
         Scale mail        |    29 |    57 ||    86
  Dodge: Dodged            |    61 |    54 ||   115
